 Dungeon Crawl Stone Soup version 0.28.0-53-g5a82cb258f (webtiles) character file.

Game seed: 2538275826507118908

21923 greasedhog the Severer (level 12, 103/103 (106) HPs)
             Began as a Hill Orc Monk on May 23, 2022.
             Was a Believer of Beogh.
             Quit the game on level 12 of the Dungeon on May 24, 2022.
             The game lasted 00:34:57 (14032 turns).

greasedhog the Severer (Hill Orc Monk)             Turns: 14032, Time: 00:34:57

HP:   103/103 (106) AC: 22    Str: 19    XL:     12   Next: 95%
MP:   22/22         EV:  6    Int: 10    God:    Beogh [**....]
Gold: 815           SH:  6    Dex: 13    Spells: 11/11 levels left

rFire   . . .      SeeInvis .   h - +0 war axe
rCold   . . .      Faith    .   a - +0 buckler
rNeg    . . .      Spirit   .   V - +3 plate armour {rPois}
rPois   +          Reflect  .   (no helmet)
rElec   .          Harm     .   m - +2 cloak
rCorr   .          Rampage  .   N - +0 pair of gloves
Will    +....                   o - +0 pair of boots
Stlth   ..........              u - amulet of regeneration
HPRegen 1.07/turn               n - +4 ring of protection
MPRegen 0.18/turn               C - ring of willpower

@: lightly drained
A: no striking features
a: Renounce Religion, Smiting


You were on level 12 of the Dungeon.
You worshipped Beogh.
Beogh was pleased with you.
You visited 2 branches of the dungeon, and saw 13 of its levels.
You also visited: Gauntlet.

You collected 815 gold pieces.

Inventory:

Hand Weapons
 b - a +0 mace
 h - a +0 war axe (weapon)
Missiles
 E - 14 boomerangs (quivered)
 T - 7 silver javelins
Armour
 a - a +0 buckler (worn)
 j - a +2 scale mail of positive energy
 k - +0 swamp dragon scales
 m - a +2 cloak (worn)
 o - a +0 pair of boots (worn)
 N - a +0 pair of gloves (worn)
 V - a +3 plate armour of poison resistance (worn)
Jewellery
 n - a +4 ring of protection (left hand)
 u - an amulet of regeneration (around neck)
 v - a ring of positive energy
 x - a ring of flight
 C - a ring of willpower (right hand)
 O - an amulet of guardian spirit
 S - a +6 ring of dexterity
Wands
 p - a wand of iceblast (27)
 A - a wand of mindburst (24)
 I - a wand of flame (10)
 J - a wand of acid (8)
 M - a wand of polymorph (6)
Scrolls
 e - 5 scrolls of magic mapping
 f - a scroll of blinking
 g - 2 scrolls of amnesia
 l - a scroll of summoning
 q - 4 scrolls of fog
 t - 7 scrolls of vulnerability
 w - a scroll of enchant weapon
 D - a scroll of silence
 F - 4 scrolls of enchant armour
 H - 3 scrolls of teleportation {unknown}
 U - a scroll of immolation
Potions
 c - 2 potions of heal wounds
 d - a potion of brilliance {unknown}
 i - 2 potions of mutation {unknown}
 r - a potion of cancellation {unknown}
 s - a potion of attraction {unknown}
 z - a potion of invisibility
 B - 2 potions of resistance {unknown}
 G - 3 potions of degeneration {unknown}
 K - 2 potions of might {unknown}
 L - 3 potions of berserk rage {unknown}
 P - a potion of ambrosia {unknown}
 Q - a potion of magic {unknown}
 Y - a potion of flight {unknown}
 Z - a potion of curing
Miscellaneous
 R - a phantom mirror
 W - a box of beasts
 X - a box of beasts


   Skills:
 - Level 10.0 Fighting
 - Level 16.1 Axes
 - Level 0.4 Armour
 - Level 3.0 Dodging
 - Level 1.5 Stealth
 - Level 9.3 Shields
 * Level 13.8 Invocations
 * Level 7.0 Evocations


You had 11 spell levels left.
You didn't know any spells.
Your spell library contained the following spells:

 Spells                   Type           Power      Damage    Failure   Level
 Animate Skeleton         Necr           0%         N/A       100%        1
 Apportation              Tloc           0%         N/A       100%        1
 Foxfire                  Conj/Fire      0%         2x1d4     100%        1
 Magic Dart               Conj           0%         1d3       100%        1
 Sting                    Tmut/Pois      0%         1d3       100%        1
 Summon Small Mammal      Summ           0%         N/A       100%        1
 Blink                    Tloc           0%         N/A       100%        2
 Corpse Rot               Necr/Air       0%         N/A       100%        2
 Ensorcelled Hibernation  Hex/Ice        0%         N/A       100%        2
 Poisonous Vapours        Pois/Air       0%         N/A       100%        2
 Static Discharge         Conj/Air       0%         N/A       100%        2
 Conjure Flame            Conj/Fire      0%         6-21      100%        3
 Dazzling Flash           Conj/Hex       0%         N/A       100%        3
 Inner Flame              Hex/Fire       0%         N/A       100%        3
 Spider Form              Tmut/Pois      0%         N/A       100%        3
 Summon Guardian Golem    Hex/Summ       0%         N/A       100%        3
 Anguish                  Hex/Necr       0%         N/A       100%        4
 Flame Wave               Conj/Fire      0%         2d4       100%        4
 Olgreb's Toxic Radiance  Pois           0%         N/A       100%        4
 Lightning Bolt           Conj/Air       0%         1d11      100%        5
 Manifold Assault         Tloc           0%         N/A       100%        5
 Orb of Destruction       Conj           0%         9d5       100%        7
 Spellforged Servitor     Conj/Summ      0%         N/A       100%        7
 Storm Form               Tmut/Air       0%         N/A       100%        7
 Borgnjor's Revivificati  Necr           0%         N/A       100%        8
 Lehudib's Crystal Spear  Conj/Erth      0%         10d2      100%        8
 Maxwell's Capacitive Co  Air            0%         ∞         100%        8


Dungeon Overview and Level Annotations

Branches:
Dungeon (12/15)            Temple (1/1) D:5            Lair (0/6) D:9
    Orc (0/2) D:11        Gauntlet (visited)

Altars:
Ashenzari
Cheibriados
Dithmenos
Elyvilon
Fedhas
Gozag
Hepliaklqana
Kikubaaqudgha
Makhleb
Nemelex Xobeh
Okawaru
Qazlal
Ru
Sif Muna
Trog
Uskayaw
Vehumet
Wu Jian
Xom
Yredelemnul
Zin
The Shining One

Shops:
D:2 :   D:8 *!   D:12 =


Message History

You smite croobank's ghost!!
You destroy croobank's ghost!
Beogh accepts your kill.
You feel sick.
Your Evocations skill increases to level 7!
You start resting.
You feel sick. x5
You are no longer poisoned.
You start resting.
Your orc knight dies!
You start resting.
Your orc warrior dies!
You start resting.
Your orc knight no longer looks unusually strong.
HP restored.
You start resting.
Your orc knight dies!
There is a large open translucent door here.
Things that are here:
a +0 war axe; a +0 chain mail
Things that are here:
a +0 battleaxe; a +0 plate armour
Items here: )) [ †.
Things that are here:
a +0 battleaxe; a +0 plate armour
There is a large open translucent door here.
Things that are here:
a +0 war axe; a +0 chain mail You enter the shallow water.
Moving in this stuff is going to be slow.
You now have 815 gold pieces (gained 30).
You enter the shallow water.
Moving in this stuff is going to be slow.
There is a large open translucent door here.
Items here: )) [[ ††.
Partly explored, can't reach some places.
Partly explored, can't reach some places.
Partly explored, can't reach some places.
Partly explored, can't reach some places.
Partly explored, can't reach some places.
Are you sure you want to abandon this character and quit the game? (Confirm with "yes".)

# ### ## # ####.##≈# ##
#..#)..### #. ##.@#.[.≈.#
#. #...'.#..## #.
#.))).≈≈.≈# #. #...#.⌠.≈##
#. ##...#.≈#≈# ##
######..####..############
#..o...)..#######.........
#..)...)..................
#..<..).)........>........


There were no monsters in sight!

Vanquished Creatures
  The ghost of croobank the Covert, a journeyman GnDe of Vehumet (D:12)
  A minotaur (Gauntlet)
  2 hydras
  Erica (D:8)
  5 two-headed ogres
  2 ugly things
  An orc sorcerer (D:12)
  A torpor snail (Gauntlet)
  Maggie (D:6)
  A gargoyle (D:11)
  2 unseen horrors (D:12)
  4 trolls
  A hornet (D:9)
  12 flying skulls (Gauntlet)
  2 wraiths
  9 yaks (D:8)
  A neqoxec (Gauntlet)
  A wyvern (D:9)
  9 vampire mosquitoes
  2 steam dragons
  A basilisk (D:12)
  A chaos spawn (Gauntlet)
  2 acid dragons
  A water moccasin (D:9)
  Duvessa (D:6)
  3 orc warriors
  9 centaurs
  5 necrophages
  An ogre (D:6)
  3 wolves (Gauntlet)
  Blork the orc (D:6)
  3 kobold brigands
  3 bullfrogs
  A gnoll sergeant (D:9)
  A wyvern zombie (D:9)
  Dowan (D:6)
  2 water moccasin skeletons
  A wight (D:9)
  24 killer bees
  4 howler monkeys
  A bullfrog zombie (D:5)
  3 centaur zombies
  Crazy Yiuf (D:2)
  2 hounds
  4 orc priests
  2 gnoll shamans
  A jelly (D:5)
  2 bullfrog skeletons
  2 centaur skeletons
  Ijyb (D:3)
  Terence (D:2)
  5 iguanas
  9 orc wizards
  Natasha (twice) (D:3)
  2 hound skeletons
  5 howler monkey zombies
  6 gnolls
  7 adders
  A shadow imp (D:7)
  2 white imps (D:5)
  A howler monkey simulacrum (D:9)
  3 ufetubi
  An adder skeleton (D:4)
  3 worms
  23 orcs
  3 bats
  9 endoplasms
  5 giant cockroaches
  9 goblins
  8 hobgoblins
  7 jackals
  10 kobolds
  6 ball pythons
  3 frilled lizards
  2 goblin skeletons (D:5)
  2 hobgoblin zombies (D:5)
  2 orc zombies (D:5)
  4 rats
  A spectral goblin (D:3)
288 creatures vanquished.

Vanquished Creatures (collateral kills)
  A hydra (D:11)
  An ugly thing (D:12)
  A komodo dragon (D:11)
  2 kobold demonologists (D:11)
  A troll (D:9)
  6 vampire mosquitoes
  An orc warrior (D:11)
  An ogre (D:12)
  A centaur (D:11)
  A kobold brigand (D:11)
  An orc (D:11)
  A kobold (D:11)
18 creatures vanquished.

Vanquished Creatures (others)
  2 orc knights (D:12)
  3 orc warriors
  7 orcs
  3 orc priests
  2 orc wizards
  13 plants (D:9)
30 creatures vanquished.

Grand Total: 336 creatures vanquished

Notes
Turn   | Place    | Note
-------+----------+-------------------------------------------
     0 | D:1      | greasedhog the Hill Orc Monk began the quest for the Orb.
     0 | D:1      | Reached XP level 1. HP: 19/19 MP: 1/1
   376 | D:1      | Reached XP level 2. HP: 24/26 MP: 2/2
   835 | D:1      | Reached XP level 3. HP: 31/31 MP: 3/3
  1143 | D:2      | Reached skill level 5 in Axes
  1233 | D:2      | Noticed Terence
  1248 | D:2      | Killed Terence
  1249 | D:2      | Reached XP level 4. HP: 23/39 MP: 4/4
  1419 | D:2      | Found Poogutump's Book Shop.
  1899 | D:2      | Found a runed translucent door.
  1900 | D:2      | Noticed Crazy Yiuf
  2081 | D:2      | Killed Crazy Yiuf
  2082 | D:2      | Reached skill level 6 in Axes
  2398 | D:3      | Found a faded altar of an unknown god.
  2471 | D:3      | Reached XP level 5. HP: 40/45 MP: 5/5
  2479 | D:3      | Reached skill level 7 in Axes
  2808 | D:3      | Noticed Ijyb
  2821 | D:3      | Killed Ijyb
  2975 | D:3      | Noticed Natasha
  2980 | D:3      | Killed Natasha
  2981 | D:3      | Reached skill level 1 in Shields
  3030 | D:3      | Reached XP level 6. HP: 48/51 MP: 6/6
  3271 | D:3      | Reached skill level 8 in Axes
  3430 | D:3      | Noticed Natasha
  3436 | D:3      | Killed Natasha
  4118 | D:4      | Reached skill level 9 in Axes
  4248 | D:4      | Reached XP level 7. HP: 57/57 MP: 7/7
  4423 | D:5      | Entered Level 5 of the Dungeon
  4700 | D:5      | Found a staircase to the Ecumenical Temple.
  4706 | D:5      | Reached skill level 10 in Axes
  4712 | Temple   | Entered the Ecumenical Temple
  4985 | D:5      | Found a glowing golden altar of the Shining One.
  5275 | D:5      | Reached skill level 11 in Axes
  5275 | D:5      | Reached XP level 8. HP: 64/64 MP: 8/8
  5575 | D:6      | Noticed Maggie
  5605 | D:6      | Killed Maggie
  5606 | D:6      | Reached skill level 12 in Axes
  5734 | D:6      | Noticed Duvessa
  5734 | D:6      | Noticed Dowan
  5756 | D:6      | Killed Duvessa
  5763 | D:6      | Killed Dowan
  5764 | D:6      | Reached skill level 13 in Axes
  5963 | D:6      | Noticed Blork the orc
  5976 | D:6      | Killed Blork the orc
  6054 | D:6      | Reached XP level 9. HP: 63/70 MP: 9/9
  6128 | D:6      | Reached skill level 14 in Axes
  6154 | D:6      | Found an iron altar of Okawaru.
  6524 | D:7      | Found a blossoming altar of Fedhas.
  6550 | D:7      | Became a worshipper of Beogh the Brigand
  6550 | D:7      | Reached * piety under Beogh
  6550 | D:7      | Reached ** piety under Beogh
  7007 | D:8      | Reached skill level 1 in Invocations
  7016 | D:8      | Reached skill level 15 in Axes
  7170 | D:8      | Reached skill level 5 in Shields
  7182 | D:8      | Reached skill level 16 in Axes
  7191 | D:8      | Reached XP level 10. HP: 77/77 MP: 11/11
  7389 | D:8      | Noticed Erica
  7412 | D:8      | Killed Erica
  7413 | D:8      | Reached skill level 5 in Fighting
  7458 | D:8      | Found a stormy altar of Qazlal.
  7551 | D:8      | Noticed a two-headed ogre
  7574 | D:8      | Killed a two-headed ogre
  7575 | D:8      | Reached skill level 5 in Invocations
  7648 | D:8      | Found Luuwezos's Assorted Antiques.
  7732 | D:8      | Found Ocketari's Distillery.
  7953 | D:9      | Found a runed translucent door.
  8110 | D:9      | Reached *** piety under Beogh
  8119 | D:9      | Found a staircase to the Lair.
  8138 | D:9      | Found a runed translucent door.
  8434 | D:9      | Noticed a seven-headed hydra
  8774 | D:9      | Reached XP level 11. HP: 81/94 MP: 15/15
  8871 | D:9      | Found the +1 robe of Vines {NoPotionHeal Regen++++}
  9191 | D:9      | Noticed a two-headed ogre
  9191 | D:9      | Noticed a red ugly thing
  9214 | D:9      | Killed a two-headed ogre
  9246 | D:9      | Killed a red ugly thing
  9326 | D:9      | Paralysed by a hornet for 3 turns
  9337 | D:9      | Noticed a four-headed hydra
  9363 | D:9      | Killed a four-headed hydra
  9524 | D:9      | Reached skill level 10 in Fighting
  9622 | D:10     | Entered Level 10 of the Dungeon
  9826 | D:10     | Found a hide-covered altar of Uskayaw.
  9857 | D:10     | Noticed a two-headed ogre
  9870 | D:10     | Killed a two-headed ogre
  9871 | D:10     | Reached skill level 1 in Evocations
 10048 | D:10     | Identified the +8 quarterstaff "Luteihev" {pain, *Rage
                  | rCorr MP+9 Dex+2}
 10188 | D:10     | Found a shimmering blue altar of Sif Muna.
 10188 | D:10     | Found a faded altar of an unknown god.
 10197 | D:10     | Found a radiant altar of Vehumet.
 10199 | D:10     | Found a faded altar of an unknown god.
 10201 | D:10     | Found a sparkling altar of Nemelex Xobeh.
 10280 | D:10     | Found a bloodstained altar of Trog.
 10399 | D:10     | Found a snail-covered altar of Cheibriados.
 10630 | D:11     | Noticed a two-headed ogre
 10639 | D:11     | Killed a two-headed ogre
 10779 | D:11     | Found a gate leading to a gauntlet.
 10899 | Gauntlet | Entered a Gauntlet
 10899 | Gauntlet | Found a transporter.
 10899 | Gauntlet | Found a transporter.
 10902 | Gauntlet | Found a transporter.
 10902 | Gauntlet | Found a transporter.
 10906 | Gauntlet | Found a transporter.
 10906 | Gauntlet | Found a transporter.
 10993 | Gauntlet | Found a transporter.
 10994 | Gauntlet | Found a transporter.
 10994 | Gauntlet | Found a transporter.
 11027 | Gauntlet | Reached XP level 12. HP: 106/106 MP: 17/19
 11052 | Gauntlet | Noticed an entropy weaver
 11056 | Gauntlet | Found a transporter.
 11062 | Gauntlet | Found a transporter.
 11068 | Gauntlet | Found a transporter.
 11102 | Gauntlet | Reached skill level 10 in Invocations
 11142 | Gauntlet | Reached skill level 5 in Evocations
 11231 | Gauntlet | Noticed a minotaur
 11245 | Gauntlet | Killed a minotaur
 11255 | Gauntlet | Got the Incunabulum of Darkness and Battle Magic
 11383 | D:11     | Noticed an eight-headed hydra
 11392 | D:11     | Killed an eight-headed hydra
 11698 | D:11     | Found a staircase to the Orcish Mines.
 12078 | D:12     | Noticed a four-headed hydra
 12398 | D:11     | Killed a four-headed hydra
 13499 | D:12     | Found Duaxut's Jewellery Shoppe.
 13670 | D:12     | Found a large runed translucent door.
 13848 | D:12     | Found a large runed translucent door.
 13849 | D:12     | Noticed croobank's ghost (journeyman GnDe)
 13883 | D:12     | Noticed a two-headed ogre
 13891 | D:12     | Killed a two-headed ogre
 13985 | D:12     | Killed croobank's ghost
 14032 | D:12     | Quit the game

Illustrated notes

Levels and vault maps discovered:
D:1:      denvon_arrival_waterhouse, layout_basic, minmay_pentomino_o4
D:2:      layout_loops_cross, serial_shops, shop_statue, uniq_terence,
          uniq_crazy_yiuf_cottage
D:3:      layout_basic, dreamdust_ecumenical_altar_drowned_temple,
          nicolae_elevator_lobby_plus, uniq_natasha, uniq_ijyb
D:4:      wad_crossroads, layout_basic
D:5:      layout_basic, nicolae_tso_besieged_by_evil,
          minmay_temple_entry_antechambers
D:6:      layout_basic, lemuel_doored_altar, minmay_misc_feat_enclosed,
          uniq_duvessa, uniq_maggie, uniq_blork_the_orc
D:7:      layout_basic, lemuel_round_altar
D:8:      layout_basic, overflow_temple_1_default, serial_shops, shop_statue,
          nicolae_take_the_stairs, minmay_misc_feat_cross, amethyst_killhole,
          uniq_erica
D:9:      cheibrodos_histonic, layout_basic, hellmonk_guarded_unrand_vines
D:10:     layout_roguey, mainiacjoe_overflow_alcove_1,
          nicolae_uskayaw_dance_hall, general_overflow_altar,
          chequers_temple_overflow_minitemple
D:11:     layout_irregular_city, david_orc_4, gauntlet_entry_generic
D:12:     layout_cross, serial_shops, kennysheep_mini_moat,
          ebering_ghost_disaster_area
Temple:   minmay_temple_bridge_abc

Skill      XL: |  1  2  3  4  5  6  7  8  9 10 11 12 |
---------------+-------------------------------------+-----
Axes           | 5 6 7 9 11 13 16 | 16.1
Dodging        | 3 |  3.0
Shields        | 1 2 3 5 7 9 |  9.3
Invocations    | 2 5 9 13 | 13.8
Fighting       | 8 10 | 10.0
Evocations     | 3 7 |  7.0
Armour         | |  0.4
Stealth        | |  1.5

Action                   |  1- 3 |  4- 6 |  7- 9 | 10-12 || total
-------------------------+-------+-------+-------+-------++-------
Melee: Hand axe          |    58 |       |       |       ||    58
       War axe           |    34 |   197 |   329 |   786 ||  1346
       Mace              |       |       |       |     6 ||     6
Throw: Throwing net      |       |     1 |     1 |       ||     2
       Boomerang         |       |       |       |     4 ||     4
Invok: Convert to Beogh  |       |       |     1 |       ||     1
       Smiting           |       |       |       |    22 ||    22
Evoke: Wand              |       |       |     2 |    12 ||    14
  Use: Scroll            |     3 |     4 |     5 |     7 ||    19
       Potion            |       |     1 |       |     6 ||     7
 Stab: Sleeping          |     1 |       |       |       ||     1
       Invisible         |       |       |       |     3 ||     3
       Distracted        |       |       |       |     1 ||     1
Armor: Robe              |     6 |       |       |       ||     6
       Ring mail         |    28 |       |       |       ||    28
       Scale mail        |       |    88 |   102 |   337 ||   527
       Plate armour      |       |       |       |   139 ||   139
Dodge: Dodged            |    62 |    79 |   117 |   350 ||   608
Block: Buckler           |       |    33 |    61 |   263 ||   357
